 Dungeon Crawl Stone Soup version 0.29.0-4-gdea44cf6ec (webtiles) character file.

Game seed: 17165414029863976896

42 qw the Chopper (level 3, -2/21 HPs)
             Began as a Tengu Warper on Aug 29, 2022.
             Slain by a white imp (3 damage)
             ... summoned by Natasha
             ... on level 2 of the Dungeon.
             The game lasted 00:00:09 (1664 turns).

qw the Chopper (Tengu Warper)                       Turns: 1664, Time: 00:00:09

Health: -2/21      AC:  3    Str: 13    XL:     3   Next: 54%
Magic:  7/7        EV: 12    Int: 13    God:
Gold:   68         SH:  0    Dex: 13    Spells: 6/6 levels left

rFire   . . .      SeeInvis .   Y - +0 hand axe
rCold   . . .      Faith    .   (no shield)
rNeg    . . .      Spirit   .   b - +0 leather armour
rPois   .          Reflect  .   (helmet restricted)
rElec   .          Harm     .   (no cloak)
rCorr   .          Rampage  .   (no gloves)
Will    .....                   (boots unavailable)
Stlth   +.........              (no amulet)
HPRegen 0.07/turn               (no ring)
MPRegen 0.10/turn               (no ring)

@: no status effects
A: beak, talons 3
a: no special abilities


You were on level 2 of the Dungeon.
You visited 1 branch of the dungeon, and saw 2 of its levels.

You collected 68 gold pieces.


Innate Abilities, Weirdness & Mutations

You have a beak for a mouth.
You have claws for feet.


   Skills:
 - Level 2.0 Fighting
 + Level 4.2 Axes
 - Level 1.0 Throwing
 - Level 1.1 Armour
 - Level 2.1 Dodging
 - Level 2.0 Spellcasting
 - Level 2.4 Translocations


You had 6 spell levels left.
You didn't know any spells.
Your spell library contained the following spells:

 Spells                   Type           Power      Damage    Failure   Level
 Blink                    Tloc           14%        N/A       19%         2
 Gell's Gravitas          Tloc           7%         N/A       36%         3
 Lesser Beckoning         Tloc           7%         N/A       36%         3
 Teleport Other           Tloc           7%         N/A       36%         3
 Manifold Assault         Tloc           7%         N/A       98%         5

Inventory:

Hand Weapons
 f - a +0 whip
 Y - a +0 hand axe (weapon)
Missiles
 e - 3 javelins (quivered)
Armour
 b - a +0 leather armour (worn)
 c - a +0 scale mail
Scrolls
 a - 2 scrolls of identify
 h - a scroll of noise {unknown}
 i - a scroll of teleportation {unknown}
Potions
 d - a potion of mutation {unknown}
 g - a potion of might {unknown}

Dungeon Overview and Level Annotations

Branches:
Dungeon (2/15)

Altars:

Shops:
D:1 (

Annotations:
D:2 Natasha


Message History

You can access your shopping list by pressing '$'.
You now have 52 gold pieces (gained 14).
There is an open door here.
Found a sling.
Enter note:
Enter note:
Enter note:
Enter note: You see here a +0 sling.
You see here a +0 sling.
You enter the shallow water.
Moving in this stuff is going to be slow.
You see here a hobgoblin skeleton.
Found a scroll of blinking.
You see here a scroll of blinking.
You now have 68 gold pieces (gained 16).
You see here a Trismegistus Codex.
A frilled lizard comes into view.
Throw: 3 javelins
Press: ? - help, Q - select action Shift-Dir - straight line, f - frilled lizard You throw a javelin.
The javelin pierces through the frilled lizard.
You kill the frilled lizard!
e - 3 javelins (gained 1) Natasha, Servant of Life and Death comes into view.
She is carrying a wand of flame (18).
Natasha hisses angrily.
Natasha zaps a wand.
The puff of flame misses you.
Enter note: Natasha claws you!
You completely miss Natasha. You claw Natasha!
Natasha is heavily wounded.
Natasha claws you.
You hit Natasha.
Natasha is almost dead.
Natasha casts a spell.
You hit Natasha.
Natasha is almost dead.
You closely miss the white imp.
Natasha zaps a wand.
The puff of flame hits you! The white imp hits you.
You die...

# #.#.##.##># ..
###.#.........# ...
...........#### #.#
#####...### #.#
##.....## # ##.##
##.......## #
##...####.........###
#...5h..+.........+..
#..!@# #.........###
#.#.######.......## #
#.....###.....## #
#.###.# ##%<.## # #
#.# #.# ##+##
#.#.###.# #.#
#.......# #.#
###.##..# ##.##
#.....# ##.:.##


You could see Natasha and a white imp (summoned).

Vanquished Creatures
  2 dart slugs (D:1)
  3 endoplasms
  3 giant cockroaches
  5 goblins (D:1)
  3 hobgoblins
  A kobold (D:1)
  4 quokkas (D:1)
  5 bats (D:1)
  2 frilled lizards (D:2)
  6 rats
34 creatures vanquished.

Notes
Turn   | Place    | Note
-------+----------+-------------------------------------------
     0 | D:1      | qw the Tengu Warper began the quest for the Orb.
     0 | D:1      | Reached XP level 1. HP: 12/12 MP: 4/4
     0 | D:1      | 0 ||| qw: Version: 0.1-a-89-g26bdef1
     0 | D:1      | 0 ||| qw: Game counter: 3540
     0 | D:1      | 0 ||| qw: Always use a shield: true
     0 | D:1      | 0 ||| qw: God list: Okawaru
     0 | D:1      | 0 ||| qw: Allow faded altars: false
     0 | D:1      | 0 ||| qw: Do Orc after D:15 true
     0 | D:1      | 0 ||| qw: Do second Lair branch before Depths: true
     0 | D:1      | 0 ||| qw: Lair rune preference: random
     0 | D:1      | 0 ||| qw: Plans: Normal
     0 | D:1      | 0 ||| PLANNING D:1-11
    28 | D:1      | 28 ||| DROPPING +0 club.
   181 | D:1      | Reached skill level 3 in Axes
   181 | D:1      | Reached XP level 2. HP: 13/17 MP: 6/6
   260 | D:1      | Found Pohyinov's Weapon Shop.
   268 | D:1      | 268 ||| SHOPLISTING +0 flail (45 gold, have 0).
   521 | D:1      | 521 ||| Stepping ~*~*~tactically~*~*~ (stealth).
   523 | D:1      | 523 ||| Stepping ~*~*~tactically~*~*~ (stealth).
   527 | D:1      | 527 ||| Stepping ~*~*~tactically~*~*~ (stealth).
   692 | D:1      | HP: 2/17 [hobgoblin (4)]
   694 | D:1      | Reached XP level 3. HP: 2/21 MP: 7/7
  1064 | D:1      | Reached skill level 4 in Axes
  1276 | D:1      | 1276 ||| READING 2 scrolls labelled WOCWEQYMAE.
  1277 | D:1      | 1277 ||| READING scroll labelled WOAFFA HERUO.
  1278 | D:1      | 1278 ||| DROPPING scroll of blinking.
  1345 | D:2      | 1345 ||| Stepping ~*~*~tactically~*~*~ (stealth).
  1391 | D:2      | Found a faded altar of an unknown god.
  1660 | D:2      | Noticed Natasha
  1664 | D:2      | HP: 1/21 [Natasha/puff of flame (9)]
  1664 | D:2      | Slain by a white imp

Levels and vault maps discovered:
D:1:      minmay_arrival_four_houses, layout_basic, serial_shops,
          nicolae_shop_stone
D:2:      layout_loops_corners, nicolae_ecumenical_lake_church,
          minmay_tree_intersection, uniq_natasha

Skill      XL: |  1  2  3 |
---------------+----------+-----
Axes           | 3 4 |  4.2
Fighting       | |  2.0
Throwing       | |  1.0
Armour         | |  1.1
Dodging        | |  2.1
Spellcasting   | |  2.0
Translocations | |  2.4

Action                   || total
-------------------------++-------
Melee: Hand axe          ||    94
       Kick              ||    22
       Peck              ||    12
Throw: Boomerang         ||     7
       Javelin           ||     8
  Use: Scroll            ||     2
Armor: Leather armour    ||    40
Dodge: Dodged            ||    56

Table legend:
 A = Non-vault XP
 B = Vault XP
 C = Vault XP percentage of total XP
 D = Non-vault monster count
 E = Vault monster count
 F = Vault count percentage of total count
                 A         B        C        D         E       F
            +---------+---------+-------+---------+---------+-------
      Total |      60 |       0 |   0.0 |      34 |       0 |   0.0
            +---------+---------+-------+---------+---------+-------
        D:1 |      47 |       0 |   0.0 |      25 |       0 |   0.0
        D:2 |      13 |       0 |   0.0 |       9 |       0 |   0.0
            +---------+---------+-------+---------+---------+-------
